[ AOE2 MATCH · #506543096 ]
UnrankedMalians vs Spanish
Player's team · WIN
Rival team · LOSS
[ REPLAY ANALYSIS · EXTRACTED FROM THE RECORDED GAME ]
Feudal
9:23
Castle
28:12
Imperial
—
| APM avg | 63.1 |
| APM peak | 88 |
| eAPM avg | 29.7 |
| Villagers / military | 75 / 56 |
Focus
⚔️ 40.5% · 🌾 59.5%
Skirmisher ×28 · Cavalry Archer ×15 · Gbeto ×8 · Militia ×3 · Archer ×2
Feudal
10:35
Castle
16:48
Imperial
—
| APM avg | 80.2 |
| APM peak | 129 |
| eAPM avg | 29.6 |
| Villagers / military | 28 / 24 |
Focus
⚔️ 23.0% · 🌾 77.0%
Conquistador ×19 · Battering Ram ×2 · Mangonel ×1 · Scorpion ×1 · Missionary ×1
Match map
Initial resources + every placement click. Lines = walls · curves = elevation contours. ◆ gold · ⬟ stone · ● berries · ✦ relic · ◌ wall gap
Your base· ✓ Closed at 28:12 · 56t walls · 3 gate(s)
MzTm | Monito Monito's base· Open — unwalled flank
Smoothed initial terrain · ◌ = detected wall gap · hover for details
Inputs per minute
— ferminsin - - MzTm | Monito Monito
Build order — ferminsin
First 150 of 235 actions detected
| 0:01 | Queue | Villager (Male) |
| 0:02 | Queue | Villager (Male) |
| 0:02 | Queue | Villager (Male) |
| 0:03 | Build | House |
| 0:05 | Build | House |
| 0:10 | Queue | Villager (Male) |
| 1:26 | Queue | Villager (Male) |
| 1:26 | Queue | Villager (Male) |
| 1:53 | Build | Lumber Camp |
| 2:00 | Queue | Villager (Male) |
| 2:22 | Queue | Villager (Male) |
| 2:50 | Queue | Villager (Male) |
| 2:51 | Queue | Villager (Male) |
| 3:00 | Research | Loom |
| 3:13 | Queue | Villager (Male) |
| 3:13 | Queue | Villager (Male) |
| 3:14 | Build | House |
| 3:15 | Build | House |
| 3:43 | Queue | Villager (Male) |
| 3:46 | Queue | Villager (Male) |
| 3:46 | Queue | Villager (Male) |
| 4:01 | Build | House |
| 4:08 | Queue | Villager (Male) |
| 4:08 | Queue | Villager (Male) |
| 4:42 | Queue | Villager (Male) |
| 4:43 | Queue | Villager (Male) |
| 4:46 | Queue | Villager (Male) |
| 5:27 | Queue | Villager (Male) |
| 5:27 | Queue | Villager (Male) |
| 5:27 | Queue | Villager (Male) |
| 5:31 | Build | Barracks |
| 5:41 | Queue | Villager (Male) |
| 5:46 | Research | Loom |
| 6:42 | Build | Mining Camp |
| 7:13 | Research | Feudal Age |
| 7:14 | Queue | Militia |
| 7:16 | Queue | Militia |
| 7:53 | Queue | Militia |
| 8:52 | Build | House |
| 9:14 | Build | Palisade Wall |
| 9:23 | Age | Feudal Age |
| 9:29 | Research | Man-at-Arms (upgrade) |
| 9:29 | Research | Man-at-Arms (upgrade) |
| 9:31 | Build | Mining Camp |
| 9:38 | Build | Watch Tower |
| 9:58 | Queue | Villager (Male) |
| 9:58 | Queue | Villager (Male) |
| 10:00 | Queue | Villager (Male) |
| 10:10 | Build | Mill |
| 10:28 | Build | Palisade Wall |
| 10:33 | Queue | Villager (Male) |
| 11:11 | Build | Farm |
| 11:13 | Build | Farm |
| 11:19 | Build | House |
| 11:26 | Build | Watch Tower |
| 11:28 | Build | Palisade Wall |
| 11:29 | Build | Palisade Wall |
| 11:29 | Build | Palisade Wall |
| 11:29 | Build | Palisade Wall |
| 11:29 | Build | Palisade Wall |
| 11:37 | Queue | Villager (Male) |
| 11:40 | Build | Farm |
| 11:43 | Build | Farm |
| 11:48 | Build | House |
| 12:02 | Queue | Villager (Male) |
| 12:05 | Build | Farm |
| 12:50 | Queue | Villager (Male) |
| 12:52 | Build | Farm |
| 12:54 | Build | Blacksmith |
| 13:15 | Queue | Villager (Male) |
| 13:15 | Queue | Villager (Male) |
| 13:15 | Queue | Villager (Male) |
| 13:37 | Build | Watch Tower |
| 13:43 | Queue | Villager (Male) |
| 13:46 | Build | Farm |
| 13:57 | Research | Fletching |
| 14:19 | Queue | Villager (Male) |
| 14:22 | Build | Farm |
| 14:43 | Queue | Villager (Male) |
| 15:04 | Queue | Villager (Male) |
| 15:18 | Build | Watch Tower |
| 15:38 | Build | Palisade Wall |
| 15:46 | Queue | Villager (Male) |
| 15:46 | Queue | Villager (Male) |
| 15:46 | Queue | Villager (Male) |
| 15:47 | Queue | Villager (Male) |
| 15:47 | Queue | Villager (Male) |
| 15:49 | Build | Farm |
| 16:11 | Build | Outpost |
| 16:12 | Build | Outpost |
| 16:14 | Build | Outpost |
| 16:17 | Queue | Villager (Male) |
| 16:31 | Build | House |
| 16:31 | Queue | Villager (Male) |
| 16:31 | Queue | Villager (Male) |
| 16:36 | Build | Outpost |
| 16:46 | Queue | Villager (Male) |
| 17:02 | Queue | Villager (Male) |
| 17:03 | Queue | Villager (Male) |
| 17:28 | Build | House |
| 17:38 | Build | Watch Tower |
| 18:14 | Build | Market |
| 18:21 | Queue | Villager (Male) |
| 18:23 | Build | Archery Range |
| 18:43 | Queue | Villager (Male) |
| 18:52 | Research | Double-Bit Axe |
| 18:52 | Research | Double-Bit Axe |
| 19:00 | Build | Watch Tower |
| 19:13 | Queue | Skirmisher |
| 19:14 | Queue | Skirmisher |
| 19:18 | Research | Padded Archer Armor |
| 19:18 | Research | Padded Archer Armor |
| 19:19 | Queue | Villager (Male) |
| 19:40 | Queue | Villager (Male) |
| 19:43 | Queue | Skirmisher |
| 19:53 | Build | Lumber Camp |
| 19:55 | Queue | Villager (Male) |
| 20:12 | Queue | Skirmisher |
| 20:21 | Build | Stone Wall |
| 20:24 | Build | House |
| 20:43 | Queue | Villager (Male) |
| 20:49 | Build | House |
| 20:55 | Build | House |
| 21:02 | Queue | Villager (Male) |
| 21:05 | Queue | Villager (Male) |
| 21:06 | Queue | Villager (Male) |
| 21:18 | Queue | Skirmisher |
| 21:24 | Build | Farm |
| 21:24 | Build | Farm |
| 21:29 | Build | Lumber Camp |
| 21:44 | Build | Stone Wall |
| 21:50 | Build | Stone Wall |
| 22:03 | Queue | Villager (Male) |
| 22:08 | Queue | Villager (Male) |
| 22:14 | Build | Stone Wall |
| 22:15 | Build | Stone Wall |
| 22:16 | Build | Stone Wall |
| 22:17 | Queue | Villager (Male) |
| 22:22 | Build | House |
| 22:26 | Build | Farm |
| 22:26 | Build | Farm |
| 22:45 | Queue | Villager (Male) |
| 23:06 | Build | Farm |
| 23:06 | Build | Farm |
| 23:07 | Build | Farm |
| 23:07 | Build | Farm |
| 23:07 | Build | Farm |
| 23:08 | Build | Farm |
| 23:08 | Build | Farm |
| 23:08 | Build | Farm |
Build order — MzTm | Monito Monito
93 actions detected in the replay
| 0:01 | Queue | Villager (Male) |
| 0:02 | Queue | Villager (Male) |
| 0:02 | Queue | Villager (Male) |
| 0:02 | Queue | Villager (Male) |
| 0:02 | Build | House |
| 0:04 | Build | House |
| 0:05 | Build | House |
| 1:43 | Queue | Villager (Male) |
| 1:43 | Queue | Villager (Male) |
| 2:00 | Queue | Villager (Male) |
| 2:00 | Queue | Villager (Male) |
| 2:28 | Build | Lumber Camp |
| 2:29 | Queue | Villager (Male) |
| 2:51 | Queue | Villager (Male) |
| 3:08 | Queue | Villager (Male) |
| 3:44 | Queue | Villager (Male) |
| 4:14 | Queue | Villager (Male) |
| 4:33 | Queue | Villager (Male) |
| 5:00 | Queue | Villager (Male) |
| 5:13 | Build | Mill |
| 5:23 | Queue | Villager (Male) |
| 5:50 | Queue | Villager (Male) |
| 6:15 | Queue | Villager (Male) |
| 6:23 | Build | House |
| 6:37 | Queue | Villager (Male) |
| 7:10 | Queue | Villager (Male) |
| 7:24 | Build | Mining Camp |
| 7:30 | Queue | Villager (Male) |
| 7:44 | Research | Loom |
| 8:20 | Research | Feudal Age |
| 9:30 | Build | House |
| 9:35 | Build | Palisade Wall |
| 9:36 | Build | Palisade Wall |
| 9:38 | Build | Palisade Wall |
| 9:40 | Build | Palisade Wall |
| 9:41 | Build | Palisade Wall |
| 9:42 | Build | Palisade Wall |
| 9:43 | Build | Palisade Wall |
| 9:50 | Build | Palisade Wall |
| 10:27 | Build | Palisade Wall |
| 10:29 | Build | Palisade Wall |
| 10:32 | Build | Palisade Wall |
| 10:35 | Age | Feudal Age |
| 11:18 | Build | House |
| 11:21 | Build | House |
| 12:43 | Build | Palisade Wall |
| 12:45 | Build | Palisade Wall |
| 13:04 | Build | Market |
| 13:08 | Build | Blacksmith |
| 13:50 | Build | Palisade Wall |
| 14:08 | Research | Castle Age |
| 14:08 | Research | Castle Age |
| 14:27 | Build | Palisade Wall |
| 14:51 | Build | Mining Camp |
| 16:48 | Age | Castle Age |
| 17:07 | Build | Castle |
| 18:08 | Queue | Conquistador |
| 18:50 | Build | Mining Camp |
| 19:20 | Queue | Conquistador |
| 19:20 | Queue | Conquistador |
| 21:15 | Queue | Conquistador |
| 21:48 | Queue | Conquistador |
| 21:49 | Queue | Conquistador |
| 22:23 | Queue | Conquistador |
| 22:23 | Queue | Conquistador |
| 24:17 | Queue | Conquistador |
| 24:17 | Queue | Conquistador |
| 24:28 | Queue | Conquistador |
| 24:28 | Queue | Conquistador |
| 24:58 | Queue | Conquistador |
| 24:58 | Queue | Conquistador |
| 25:07 | Build | Lumber Camp |
| 25:30 | Queue | Conquistador |
| 25:30 | Queue | Conquistador |
| 26:49 | Queue | Conquistador |
| 27:09 | Build | Siege Workshop |
| 27:14 | Queue | Conquistador |
| 27:14 | Queue | Conquistador |
| 27:57 | Queue | Battering Ram |
| 29:02 | Queue | Battering Ram |
| 30:20 | Build | Mill |
| 30:42 | Queue | Villager (Male) |
| 31:57 | Queue | Villager (Male) |
| 31:57 | Queue | Villager (Male) |
| 32:05 | Build | Monastery |
| 32:40 | Queue | Mangonel |
| 32:45 | Queue | Missionary |
| 32:52 | Queue | Villager (Male) |
| 32:52 | Queue | Villager (Male) |
| 33:16 | Queue | Villager (Male) |
| 34:05 | Queue | Villager (Male) |
| 34:41 | Queue | Scorpion |
| 35:17 | Build | Lumber Camp |
Match timeline
| 5:31 | ferminsin · first_building Barracks |
| 9:14 | ferminsin · wall_segment Palisade Wall x1 |
| 9:23 | ferminsin · age_up feudal |
| 9:35 | MzTm | Monito Monito · wall_segment Palisade Wall x1 |
| 9:36 | MzTm | Monito Monito · wall_segment Palisade Wall x1 |
| 9:38 | MzTm | Monito Monito · wall_segment Palisade Wall x1 |
| 9:40 | MzTm | Monito Monito · wall_segment Palisade Wall x1 |
| 9:41 | MzTm | Monito Monito · wall_segment Palisade Wall x1 |
| 9:42 | MzTm | Monito Monito · wall_segment Palisade Wall x1 |
| 9:43 | MzTm | Monito Monito · wall_segment Palisade Wall x1 |
| 9:50 | MzTm | Monito Monito · wall_segment Palisade Wall x1 |
| 10:27 | MzTm | Monito Monito · wall_segment Palisade Wall x3 |
| 10:28 | ferminsin · wall_segment Palisade Wall x1 |
| 10:29 | MzTm | Monito Monito · wall_segment Palisade Wall x4 |
| 10:32 | MzTm | Monito Monito · wall_segment Palisade Wall x4 |
| 10:35 | MzTm | Monito Monito · age_up feudal |
| 11:28 | ferminsin · wall_segment Palisade Wall x1 |
| 11:29 | ferminsin · wall_segment Palisade Wall x1 |
| 11:29 | ferminsin · wall_segment Palisade Wall x2 |
| 11:29 | ferminsin · wall_segment Palisade Wall x2 |
| 11:29 | ferminsin · wall_segment Palisade Wall x1 |
| 12:43 | MzTm | Monito Monito · wall_segment Palisade Wall x1 |
| 12:45 | MzTm | Monito Monito · wall_segment Palisade Wall x1 |
| 13:50 | MzTm | Monito Monito · wall_segment Palisade Wall x6 |
| 14:01 | MzTm | Monito Monito · first_market_sell 100 stone |
| 14:05 | MzTm | Monito Monito · first_market_buy 100 food |
| 14:27 | MzTm | Monito Monito · wall_segment Palisade Wall x9 |
| 15:38 | ferminsin · wall_segment Palisade Wall x1 |
| 16:48 | MzTm | Monito Monito · age_up castle |
| 17:07 | MzTm | Monito Monito · first_building Castle |
| 18:23 | ferminsin · first_building Archery Range |
| 20:21 | ferminsin · wall_segment Stone Wall x5 |
| 21:44 | ferminsin · wall_segment Stone Wall x7 |
| 21:50 | ferminsin · wall_segment Stone Wall x7 |
| 22:14 | ferminsin · wall_segment Stone Wall x3 |
| 22:15 | ferminsin · wall_segment Stone Wall x12 |
| 22:16 | ferminsin · wall_segment Stone Wall x5 |
| 23:39 | ferminsin · first_market_buy 500 food |
| 23:46 | ferminsin · wall_segment Stone Wall x10 |
| 27:09 | MzTm | Monito Monito · first_building Siege Workshop |
| 28:12 | ferminsin · age_up castle |
| 28:54 | ferminsin · first_building Castle |
| 32:05 | MzTm | Monito Monito · first_building Monastery |
| 32:38 | ferminsin · wall_segment Stone Wall x1 |
| 32:38 | ferminsin · wall_segment Stone Wall x1 |
| 32:39 | ferminsin · wall_segment Stone Wall x1 |
| 36:00 | MzTm | Monito Monito · resign |
[ AI ANALYSIS · 1 CREDIT ]
What really happened in this match?
Wolo.gg analyzes every decision: build order, eco, micro, common mistakes by bracket. Personalized analysis on WhatsApp or Discord in 30 seconds.
Civ guide
Malians
Perfil
ferminsin